 Dungeon Crawl Stone Soup version 0.29-a0-330-g52719c12eb (webtiles) character file.

Game seed: 5364424425373050660

111 huldread the Bolt Thrower (level 5, -5/30 HPs)
             Began as a Kobold Hunter on Apr 18, 2022.
             Slain by Terence
             ... wielding a +0 mace
              (6 damage)
             ... on level 2 of the Dungeon.
             The game lasted 00:07:06 (2232 turns).

huldread the Bolt Thrower (Kobold Hunter)           Turns: 2232, Time: 00:07:07

Health: -5/30      AC:  4    Str:  9    XL:     5   Next: 15%
Magic:  5/5        EV: 15    Int: 10    God:
Gold:   136        SH:  0    Dex: 20    Spells: 4/4 levels left

rFire   . . .      SeeInvis .   a - +1 hand crossbow
rCold   . . .      Faith    .   (no shield)
rNeg    . . .      Spirit   .   b - +0 leather armour
rPois   .          Reflect  .   (no helmet)
rElec   .          Harm     .   (no cloak)
rCorr   .          Rampage  .   j - +0 pair of gloves
Will    .....                   (no boots)
Stlth   +++.......              (no amulet)
HPRegen 0.10/turn               (no ring)
MPRegen 0.09/turn               (no ring)

@: flying
A: small, no large weapons, nightstalker 3
a: no special abilities


You were on level 2 of the Dungeon.
You visited 1 branch of the dungeon, and saw 3 of its levels.

You collected 136 gold pieces.

Inventory:

Hand Weapons
 a - a +1 hand crossbow (weapon)
 g - a +0 dagger
Armour
 b - a +0 leather armour (worn)
 j - a +0 pair of gloves (worn)
Scrolls
 c - a scroll of immolation
 d - 3 scrolls of teleportation
 e - a scroll of amnesia {unknown}
 h - a scroll of vulnerability {unknown}
 i - a scroll of enchant armour {unknown}
Potions
 k - a potion of heal wounds {unknown}


   Skills:
 - Level 2.2 Fighting
 + Level 7.5 Crossbows
 - Level 0.5 Armour
 + Level 2.6 Dodging
 * Level 2.4 Stealth


You had 4 spell levels left.
You didn't know any spells.
Your spell library contained the following spells:

 Spells                   Type           Power      Damage    Failure   Level
 Animate Skeleton         Necr           0%         N/A       45%         1
 Pain                     Necr           0%         1d4       45%         1
 Ignite Poison            Fire/Tmut/Pois 0%         N/A       83%         3
 Mephitic Cloud           Conj/Pois/Air  0%         N/A       83%         3
 Tukima's Dance           Hex            0%         N/A       83%         3
 Vampiric Draining        Necr           0%         2d6       83%         3
 Passage of Golubria      Tloc           0%         N/A       99%         4
 Freezing Cloud           Conj/Ice/Air   0%         6-21      100%        5
 Yara's Violent Unravell  Hex/Tmut       0%         3d3       100%        5


Dungeon Overview and Level Annotations

Branches:
Dungeon (3/15)

Altars:

Shops:
D:2 =[?

Annotations:
D:2 Terence


Innate Abilities, Weirdness & Mutations

You are small and have problems with some larger weapons.
You are completely attuned to the shadows.


Message History

You are too injured to fight recklessly!
You are too injured to fight recklessly!
You are too injured to fight recklessly!
You are too injured to fight recklessly!
You are too injured to fight recklessly!
You are too injured to fight recklessly!
You are too injured to fight recklessly!
The goblin attacks as you move away! The goblin hits you with a +0 club.
Terence attacks as you move away! Terence hits you with a +0 mace.
Terence attacks as you move away! Terence closely misses you.
Terence attacks as you move away! Terence closely misses you.
Terence attacks as you move away! Terence hits you but does no damage.
There is an open door here.
Terence attacks as you move away! Terence barely misses you.
Terence attacks as you move away! Terence barely misses you.
There is an open door here.
Terence attacks as you move away! Terence hits you but does no damage.
Terence attacks as you move away! Terence closely misses you.
Terence attacks as you move away! Terence hits you with a +0 mace.
* * * LOW HITPOINT WARNING * * *
Terence attacks as you move away! Terence misses you.
You see here a +0 war axe.
Terence screams, "I want your blood!" Terence attacks as you move away!
Terence hits you with a +0 mace.
* * * LOW HITPOINT WARNING * * *
Terence screams, "I'm going to kill you!"
Terence attacks as you move away! Terence hits you but does no damage.
Terence attacks as you move away! Terence barely misses you.
Terence screams, "I'm going to kill you!"
Terence attacks as you move away! Terence hits you with a +0 mace.
* * * LOW HITPOINT WARNING * * *
There is a stone staircase leading up here.
Terence misses you.
You climb upwards.
There is a stone staircase leading down here.
Sorry, you're not good enough to have a special ability.
It was a potion of flight.
You feel very buoyant.
You fly up into the air.
Terence hits you with a +0 mace.
You die...

#.####.##
#.####.####
#####.........#
...##.....###.#
...##.....# #.#####
..........# #.)...#
..........###.#####
.................#
................@#
.#.......####.##@#
.#.......#
#.##.###########
.........#
#.##...........#
...#######
#.....#######.##
).......## ####.##
#.#
.........#######.#
#.#
.........#.......#
#<#
...........#####.#
###


You could see Terence.

Vanquished Creatures
  Jessica (D:3)
  2 adders (D:2)
  A dart slug (D:3)
  5 endoplasms
  2 giant cockroaches
  9 hobgoblins
  7 jackals
  7 kobolds
  3 quokkas
  5 ball pythons
  2 bats (D:1)
  4 frilled lizards
  6 goblins
  4 rats
58 creatures vanquished.

Notes
Turn   | Place    | Note
-------+----------+-------------------------------------------
     0 | D:1      | huldread the Kobold Hunter began the quest for the Orb.
     0 | D:1      | Reached XP level 1. HP: 12/12 MP: 1/1
   173 | D:1      | Reached XP level 2. HP: 17/17 MP: 2/2
   175 | D:1      | Found a faded altar of an unknown god.
   193 | D:1      | Reached skill level 6 in Crossbows
   287 | D:1      | Reached XP level 3. HP: 9/21 MP: 3/3
   956 | D:2      | Found Bethuwuq's Magic Scroll Shoppe.
  1068 | D:2      | Found Daulec's Jewellery Shop.
  1144 | D:2      | Reached XP level 4. HP: 26/26 MP: 4/4
  1154 | D:2      | Found Waduq's Antique Armour Boutique.
  1389 | D:2      | Reached skill level 7 in Crossbows
  2003 | D:3      | Noticed Jessica
  2007 | D:3      | Killed Jessica
  2008 | D:3      | Reached XP level 5. HP: 30/30 MP: 5/5
  2182 | D:3      | Noticed Terence
  2228 | D:3      | HP: 1/30 [Terence/+0 mace (5)]
  2232 | D:2      | Slain by Terence

Illustrated notes

Levels and vault maps discovered:
D:1:      arrival_zaba_pyramid, layout_basic, shapermc_ecumenical_altar_pompeii
D:2:      layout_basic, serial_shops, shop_statue, shop_statue, shop,
          bh_walls_and_bars
D:3:      kennysheep_goblin_castle, layout_basic, chequers_avenue, uniq_jessica,
          uniq_terence

Skill      XL: |  1  2  3  4 |
---------------+-------------+-----
Crossbows      | 6 7 |  7.5
Stealth        | 2 |  2.4
Fighting       | |  2.2
Armour         | |  0.5
Dodging        | |  2.6

Action                   |  1- 3 |  4- 6 || total
-------------------------+-------+-------++-------
Melee: Dagger            |    24 |     3 ||    27
 Fire: Hand crossbow     |    83 |    37 ||   120
  Use: Scroll            |     1 |       ||     1
       Potion            |       |     1 ||     1
Armor: Leather armour    |    11 |     5 ||    16
Dodge: Dodged            |    46 |    19 ||    65

Table legend: (Time is in decaauts)
 A = Elapsed time spent in this place.
 B = Non-inter-level travel time spent in this place.
 C = Inter-level travel time spent in this place.
 D = Time resting spent in this place.
 E = Time spent auto-exploring this place.
 F = Levels seen in this place.
 G = Mean time per level.
                   A        B        C        D        E       F      G
               +--------+--------+--------+--------+--------+-----+--------+
         Total |   2255 |   2198 |     57 |      2 |   1848 |   3 |  751.7 |
       Dungeon |   2255 |   2198 |     57 |      2 |   1848 |   3 |  751.7 |
               +--------+--------+--------+--------+--------+-----+--------+

Top non-repeatable levels by time:
     D:2: 1120 daAuts
     D:1: 887 daAuts
     D:3: 247 daAuts
